[ AOE2 MATCH · #482009376 ]
UnrankedBurgundians vs Jurchens
[ REPLAY ANALYSIS · EXTRACTED FROM THE RECORDED GAME ]
Feudal
12:40
Castle
21:35
Imperial
34:02
| APM avg | 25.6 |
| APM peak | 71 |
| eAPM avg | 8.9 |
| Villagers / military | 70 / 154 |
Focus
⚔️ 34.1% · 🌾 65.9%
Coustillier ×146 · Trebuchet (Packed) ×7 · Trade Cart ×6 · Monk ×1
Feudal
—
Castle
—
Imperial
—
| APM avg | 17.5 |
| APM peak | 49 |
| eAPM avg | 9.1 |
| Villagers / military | 65 / 54 |
Focus
⚔️ 23.1% · 🌾 76.9%
Ballista Elephant ×27 · Trade Cart ×12 · Archer ×9 · Battle Elephant ×6 · Militia ×5 · Spearman ×3
Feudal
—
Castle
—
Imperial
—
| APM avg | 39.9 |
| APM peak | 102 |
| eAPM avg | 17.1 |
| Villagers / military | 165 / 231 |
Focus
⚔️ 28.0% · 🌾 72.0%
Skirmisher ×81 · Fire Lancer ×66 · Spearman ×61 · Trade Cart ×18 · Steppe Lancer ×10 · Scout Cavalry ×7
Feudal
11:21
Castle
23:14
Imperial
38:00
| APM avg | 15.8 |
| APM peak | 50 |
| eAPM avg | 10.5 |
| Villagers / military | 107 / 9 |
Focus
⚔️ 23.6% · 🌾 76.4%
Spearman ×5 · Knight ×2 · Steppe Lancer ×2
Feudal
13:44
Castle
30:11
Imperial
42:28
| APM avg | 10.4 |
| APM peak | 53 |
| eAPM avg | 7.2 |
| Villagers / military | 62 / 33 |
Focus
⚔️ 21.2% · 🌾 78.8%
Organ Gun ×19 · Archer ×7 · Militia ×7
Feudal
12:47
Castle
26:29
Imperial
42:00
| APM avg | 16.3 |
| APM peak | 53 |
| eAPM avg | 11.1 |
| Villagers / military | 95 / 142 |
Focus
⚔️ 37.9% · 🌾 62.1%
Spearman ×114 · Skirmisher ×24 · Trade Cart ×10 · Trebuchet (Packed) ×3 · Petard ×1
Feudal
—
Castle
—
Imperial
—
| APM avg | 17.8 |
| APM peak | 46 |
| eAPM avg | 13.3 |
| Villagers / military | 132 / 101 |
Focus
⚔️ 33.3% · 🌾 66.7%
Ghulam ×47 · Scorpion ×26 · Trade Cart ×15 · Camel Scout ×9 · Bombard Cannon ×8 · Fishing Ship ×6
Feudal
11:18
Castle
—
Imperial
—
| APM avg | 5.3 |
| APM peak | 65 |
| eAPM avg | 2.4 |
| Villagers / military | 20 / 0 |
Focus
⚔️ 7.4% · 🌾 92.6%
Unknown (2550) ×5
Match map
Initial resources + every placement click. Lines = walls · curves = elevation contours. ◆ gold · ⬟ stone · ● berries · ✦ relic · ◌ wall gap
Your base· ✓ Closed at 21:35 · 58t walls · 3 gate(s)
MoldyShelf59466's base· Open — unwalled flank
sr aless82's base· Open — unwalled flank
Shirasoni's base· Open — unwalled flank
elchivojvz's base· Open — unwalled flank
Kayzer's base· Open — unwalled flank
Wobbuffet3383's base· Open — unwalled flank
jeho57's base· Open — unwalled flank
Smoothed initial terrain · ◌ = detected wall gap · hover for details
Inputs per minute
— Josky - - MoldyShelf59466
Build order — Josky
First 150 of 210 actions detected
| 0:02 | Create | Villager (Male) |
| 0:05 | Build | House |
| 0:08 | Build | House |
| 0:34 | Create | Villager (Male) |
| 0:52 | Create | Villager (Male) |
| 0:54 | Create | Villager (Male) |
| 1:47 | Create | Villager (Male) |
| 1:57 | Build | House |
| 2:20 | Create | Villager (Male) |
| 3:11 | Create | Villager (Male) |
| 3:45 | Build | Lumber Camp |
| 3:56 | Create | Villager (Male) |
| 4:25 | Create | Villager (Male) |
| 4:28 | Build | House |
| 4:46 | Create | Villager (Male) |
| 5:01 | Create | Villager (Male) |
| 5:23 | Create | Villager (Male) |
| 5:58 | Create | Villager (Male) |
| 6:00 | Build | House |
| 6:46 | Build | Palisade Wall |
| 7:17 | Build | House |
| 7:30 | Create | Villager (Male) |
| 8:00 | Build | Palisade Gate |
| 8:05 | Create | Villager (Male) |
| 8:26 | Create | Villager (Male) |
| 8:36 | Build | Mill |
| 8:44 | Create | Villager (Male) |
| 8:58 | Build | Palisade Wall |
| 9:19 | Build | Palisade Wall |
| 9:25 | Create | Villager (Male) |
| 9:33 | Build | Farm |
| 10:02 | Build | House |
| 10:05 | Create | Villager (Male) |
| 10:18 | Research | Feudal Age |
| 10:43 | Build | Mill |
| 10:50 | Build | House |
| 10:55 | Build | Palisade Wall |
| 11:07 | Build | Palisade Wall |
| 11:27 | Build | Palisade Wall |
| 11:57 | Build | Barracks |
| 12:21 | Build | Mining Camp |
| 12:40 | Age | Feudal Age |
| 12:51 | Build | Palisade Gate |
| 12:56 | Build | Palisade Wall |
| 13:05 | Build | Palisade Wall |
| 13:14 | Build | House |
| 13:16 | Build | House |
| 13:21 | Create | Villager (Male) |
| 13:37 | Create | Villager (Male) |
| 13:49 | Create | Villager (Male) |
| 14:05 | Build | Mining Camp |
| 14:17 | Build | Palisade Wall |
| 14:23 | Create | Villager (Male) |
| 14:58 | Create | Villager (Male) |
| 15:08 | Build | Stable |
| 15:21 | Create | Villager (Male) |
| 15:41 | Build | Farm |
| 15:49 | Create | Villager (Male) |
| 16:21 | Build | Blacksmith |
| 16:26 | Create | Villager (Male) |
| 16:34 | Research | Double-Bit Axe |
| 17:05 | Build | Palisade Gate |
| 17:18 | Build | Farm |
| 17:22 | Build | Farm |
| 17:36 | Build | Lumber Camp |
| 17:40 | Create | Villager (Male) |
| 17:46 | Build | Farm |
| 18:04 | Create | Villager (Male) |
| 18:25 | Create | Villager (Male) |
| 18:39 | Build | Farm |
| 18:54 | Research | Castle Age |
| 18:55 | Research | Castle Age |
| 19:30 | Build | Farm |
| 19:30 | Build | Farm |
| 19:31 | Build | Farm |
| 19:32 | Build | Farm |
| 19:41 | Build | Farm |
| 19:41 | Build | Farm |
| 19:42 | Build | Farm |
| 20:01 | Build | Market |
| 20:53 | Build | Mining Camp |
| 21:24 | Create | Trade Cart |
| 21:31 | Create | Villager (Male) |
| 21:35 | Age | Castle Age |
| 21:55 | Build | Castle |
| 22:04 | Create | Villager (Male) |
| 22:07 | Build | Farm |
| 22:16 | Research | Horse Collar |
| 22:33 | Research | Husbandry |
| 22:44 | Build | Farm |
| 23:22 | Build | Town Center |
| 23:29 | Create | Coustillier ×2 |
| 23:34 | Create | Villager (Male) |
| 23:35 | Create | Villager (Male) |
| 23:49 | Build | Farm |
| 23:51 | Create | Villager (Male) |
| 24:03 | Create | Coustillier |
| 24:38 | Build | Palisade Gate |
| 24:42 | Create | Villager (Male) |
| 24:42 | Create | Villager (Male) |
| 24:43 | Create | Villager (Male) |
| 24:46 | Create | Villager (Male) |
| 24:47 | Create | Villager (Male) |
| 24:48 | Create | Coustillier |
| 24:59 | Research | Forging |
| 25:39 | Create | Villager (Male) |
| 25:49 | Create | Villager (Male) |
| 25:52 | Create | Coustillier |
| 25:58 | Build | Town Center |
| 26:10 | Build | Stone Wall |
| 26:28 | Create | Villager (Male) |
| 26:36 | Create | Coustillier |
| 26:37 | Create | Coustillier |
| 27:03 | Build | Stone Wall |
| 27:23 | Create | Villager (Male) |
| 27:24 | Create | Villager (Male) |
| 27:24 | Create | Villager (Male) |
| 27:25 | Create | Villager (Male) |
| 27:26 | Create | Villager (Male) |
| 27:26 | Create | Villager (Male) |
| 27:28 | Create | Coustillier |
| 27:29 | Create | Coustillier |
| 27:29 | Create | Coustillier |
| 27:52 | Build | House |
| 27:56 | Build | House |
| 27:58 | Build | House |
| 28:00 | Build | House |
| 28:01 | Build | House |
| 28:02 | Build | House |
| 28:13 | Create | Villager (Male) ×5 |
| 29:10 | Build | Watch Tower |
| 30:52 | Research | Imperial Age |
| 31:28 | Build | Farm |
| 31:41 | Research | Burgundian Vineyards |
| 31:56 | Build | Castle |
| 32:29 | Create | Villager (Male) ×5 |
| 32:29 | Create | Villager (Male) ×5 |
| 33:20 | Create | Coustillier ×5 |
| 33:20 | Create | Coustillier ×5 |
| 33:20 | Create | Coustillier |
| 33:33 | Build | Farm |
| 33:36 | Build | Farm |
| 33:50 | Create | Coustillier ×3 |
| 33:50 | Create | Coustillier ×3 |
| 34:02 | Age | Imperial Age |
| 34:05 | Create | Villager (Male) |
| 34:46 | Build | Farm |
| 34:46 | Build | Farm |
| 34:46 | Build | Farm |
| 34:48 | Build | Farm |
Build order — MoldyShelf59466
First 150 of 232 actions detected
| 0:02 | Create | Villager (Male) |
| 0:02 | Create | Villager (Male) |
| 0:03 | Create | Villager (Male) |
| 0:03 | Create | Villager (Male) |
| 0:03 | Create | Villager (Male) |
| 0:52 | Build | House |
| 0:55 | Build | House |
| 1:05 | Build | House |
| 1:32 | Research | Loom |
| 2:30 | Create | Villager (Male) |
| 2:42 | Build | House |
| 2:46 | Build | House |
| 3:08 | Create | Villager (Male) |
| 3:53 | Build | House |
| 4:01 | Create | Villager (Male) |
| 4:01 | Create | Villager (Male) |
| 4:43 | Build | House |
| 4:46 | Build | House |
| 5:05 | Build | Lumber Camp |
| 5:09 | Create | Villager (Male) |
| 6:01 | Build | House |
| 6:07 | Build | House |
| 6:21 | Create | Villager (Male) |
| 7:05 | Build | Mill |
| 8:00 | Build | House |
| 8:04 | Build | House |
| 8:47 | Build | House |
| 8:52 | Build | House |
| 10:31 | Build | House |
| 10:39 | Build | House |
| 11:13 | Research | Feudal Age |
| 11:57 | Build | House |
| 12:01 | Build | House |
| 12:06 | Build | House |
| 12:59 | Build | House |
| 13:07 | Build | House |
| 13:22 | Create | Villager (Male) |
| 13:23 | Create | Villager (Male) |
| 13:47 | Build | Market |
| 13:58 | Research | Double-Bit Axe |
| 14:01 | Create | Villager (Male) |
| 14:19 | Build | House |
| 14:31 | Build | Mining Camp |
| 14:39 | Research | Horse Collar |
| 15:28 | Build | Stone Wall |
| 15:52 | Build | Mining Camp |
| 16:14 | Create | Trade Cart |
| 16:14 | Create | Trade Cart |
| 17:02 | Build | Farm |
| 17:11 | Build | Farm |
| 17:18 | Build | Farm |
| 17:24 | Build | Farm |
| 17:30 | Build | Farm |
| 17:41 | Create | Villager (Male) |
| 17:41 | Create | Villager (Male) |
| 17:42 | Create | Villager (Male) |
| 17:48 | Build | Farm |
| 18:07 | Research | Wheelbarrow |
| 18:23 | Create | Villager (Male) |
| 18:23 | Create | Villager (Male) |
| 19:03 | Build | Farm |
| 19:09 | Build | Farm |
| 19:12 | Create | Villager (Male) |
| 19:26 | Create | Villager (Male) |
| 19:26 | Create | Villager (Male) |
| 20:02 | Create | Trade Cart |
| 20:03 | Create | Trade Cart |
| 20:15 | Create | Villager (Male) |
| 20:15 | Create | Villager (Male) |
| 21:07 | Build | Archery Range |
| 21:22 | Create | Villager (Male) |
| 21:22 | Create | Villager (Male) |
| 21:28 | Build | Farm |
| 21:47 | Create | Villager (Male) |
| 21:50 | Create | Villager (Male) |
| 22:55 | Build | Farm |
| 23:33 | Build | Farm |
| 23:41 | Build | Farm |
| 23:48 | Build | Farm |
| 24:09 | Build | Farm |
| 24:30 | Create | Skirmisher |
| 24:30 | Create | Archer |
| 24:31 | Create | Skirmisher |
| 25:27 | Build | Barracks |
| 25:57 | Create | Archer |
| 26:23 | Create | Spearman |
| 26:24 | Create | Militia |
| 26:26 | Research | Man-at-Arms (upgrade) |
| 27:01 | Create | Spearman |
| 27:01 | Create | Militia |
| 27:26 | Build | Stable |
| 27:40 | Research | Castle Age |
| 27:46 | Create | Trade Cart |
| 27:46 | Create | Trade Cart |
| 27:56 | Create | Archer |
| 27:58 | Create | Skirmisher |
| 28:15 | Research | Gold Mining |
| 28:17 | Research | Stone Mining |
| 28:19 | Create | Villager (Male) |
| 28:20 | Create | Villager (Male) |
| 28:43 | Create | Militia |
| 28:48 | Create | Archer |
| 28:56 | Build | Mining Camp |
| 30:02 | Research | Bloodlines |
| 30:26 | Create | Battle Elephant |
| 30:26 | Create | Battle Elephant |
| 30:26 | Create | Battle Elephant |
| 30:37 | Create | Spearman |
| 30:37 | Create | Militia |
| 30:56 | Research | Hand Cart |
| 30:57 | Create | Villager (Male) |
| 31:42 | Build | Castle |
| 31:56 | Create | Battle Elephant |
| 32:19 | Create | Villager (Male) |
| 32:19 | Create | Villager (Male) |
| 32:24 | Research | Caravan |
| 32:29 | Build | Farm |
| 32:53 | Build | Farm |
| 32:55 | Create | Villager (Male) |
| 32:55 | Create | Villager (Male) |
| 33:41 | Research | Town Watch |
| 33:41 | Create | Villager (Male) |
| 33:47 | Research | Gold Shaft Mining |
| 34:07 | Create | Ballista Elephant |
| 34:25 | Create | Villager (Male) |
| 34:25 | Create | Villager (Male) |
| 34:40 | Create | Trade Cart |
| 34:57 | Build | Farm |
| 35:01 | Create | Villager (Male) |
| 35:02 | Create | Villager (Male) |
| 35:16 | Build | Farm |
| 35:23 | Create | Ballista Elephant |
| 35:24 | Create | Ballista Elephant |
| 35:34 | Build | Farm |
| 36:03 | Build | Blacksmith |
| 36:07 | Create | Villager (Male) |
| 36:07 | Create | Villager (Male) |
| 36:13 | Create | Ballista Elephant |
| 36:13 | Create | Ballista Elephant |
| 36:18 | Create | Knight |
| 36:28 | Build | Farm |
| 37:15 | Build | Stable |
| 38:40 | Create | Ballista Elephant |
| 38:40 | Create | Ballista Elephant |
| 38:50 | Build | Farm |
| 38:52 | Create | Villager (Male) |
| 38:52 | Create | Villager (Male) |
| 39:29 | Build | University |
| 39:32 | Create | Villager (Male) |
| 39:32 | Create | Villager (Male) |
Build order — sr aless82
First 150 of 431 actions detected
| 0:01 | Create | Villager (Male) |
| 0:01 | Create | Villager (Male) |
| 0:03 | Build | House |
| 0:05 | Build | House |
| 0:27 | Create | Villager (Male) |
| 0:28 | Create | Villager (Male) |
| 0:28 | Create | Villager (Male) |
| 1:36 | Create | Villager (Male) |
| 1:36 | Create | Villager (Male) |
| 1:37 | Create | Villager (Male) |
| 1:51 | Build | Lumber Camp |
| 2:14 | Create | Villager (Male) |
| 2:28 | Build | House |
| 3:06 | Create | Villager (Male) |
| 3:06 | Create | Villager (Male) |
| 3:09 | Create | Villager (Male) |
| 3:52 | Create | Villager (Male) |
| 3:52 | Create | Villager (Male) |
| 4:39 | Build | Mill |
| 4:44 | Create | Villager (Male) |
| 4:44 | Create | Villager (Male) |
| 5:39 | Create | Villager (Male) |
| 5:39 | Create | Villager (Male) |
| 6:05 | Build | House |
| 6:16 | Create | Villager (Male) |
| 6:16 | Create | Villager (Male) |
| 6:25 | Create | Villager (Male) |
| 7:40 | Research | Feudal Age |
| 8:18 | Build | Barracks |
| 8:20 | Build | House |
| 9:14 | Build | House |
| 10:12 | Build | Stable |
| 10:30 | Research | Double-Bit Axe |
| 11:01 | Create | Spearman |
| 11:09 | Create | Scout Cavalry |
| 11:13 | Build | Farm |
| 11:16 | Build | Farm |
| 11:17 | Build | Farm |
| 11:38 | Create | Villager (Male) |
| 11:39 | Create | Villager (Male) |
| 11:39 | Create | Villager (Male) |
| 11:45 | Build | Farm |
| 11:51 | Build | Farm |
| 12:06 | Create | Villager (Male) |
| 12:11 | Create | Scout Cavalry |
| 12:24 | Build | Mining Camp |
| 12:26 | Create | Villager (Male) |
| 12:26 | Create | Villager (Male) |
| 12:38 | Build | House |
| 12:41 | Build | House |
| 12:45 | Create | Villager (Male) |
| 12:52 | Build | Farm |
| 12:55 | Build | Farm |
| 13:18 | Build | Blacksmith |
| 13:31 | Build | Farm |
| 13:37 | Create | Villager (Male) |
| 13:37 | Research | Loom |
| 13:45 | Create | Villager (Male) |
| 13:46 | Create | Villager (Male) |
| 13:46 | Create | Villager (Male) |
| 13:49 | Create | Scout Cavalry |
| 14:06 | Create | Scout Cavalry |
| 14:08 | Create | Villager (Male) |
| 14:24 | Build | Farm |
| 14:37 | Build | Mill |
| 14:41 | Create | Villager (Male) |
| 14:44 | Create | Scout Cavalry |
| 15:08 | Create | Villager (Male) |
| 15:15 | Create | Spearman |
| 15:43 | Build | Archery Range |
| 15:47 | Create | Villager (Male) |
| 15:48 | Create | Villager (Male) |
| 15:56 | Research | Horse Collar |
| 16:03 | Create | Villager (Male) |
| 16:05 | Create | Villager (Male) |
| 16:18 | Research | Scale Barding Armor |
| 18:24 | Create | Villager (Male) |
| 18:25 | Create | Villager (Male) |
| 18:56 | Build | Farm |
| 18:57 | Build | Farm |
| 19:01 | Research | Castle Age |
| 19:49 | Create | Villager (Male) |
| 19:49 | Create | Villager (Male) |
| 19:57 | Build | Mining Camp |
| 20:12 | Build | Market |
| 20:50 | Research | Bloodlines |
| 20:51 | Create | Scout Cavalry |
| 20:51 | Create | Scout Cavalry |
| 22:07 | Research | Husbandry |
| 22:08 | Create | Steppe Lancer |
| 22:08 | Create | Steppe Lancer |
| 22:20 | Build | Town Center |
| 22:23 | Create | Villager (Male) |
| 22:24 | Create | Villager (Male) |
| 22:41 | Build | Farm |
| 22:41 | Build | Farm |
| 22:42 | Build | Farm |
| 22:42 | Build | Farm |
| 22:42 | Build | Farm |
| 22:42 | Build | Farm |
| 22:43 | Build | Farm |
| 23:11 | Create | Steppe Lancer |
| 23:17 | Build | House |
| 23:18 | Build | House |
| 23:34 | Research | Wheelbarrow |
| 23:37 | Create | Villager (Male) |
| 23:37 | Create | Villager (Male) |
| 23:43 | Build | House |
| 23:56 | Create | Villager (Male) |
| 23:56 | Create | Villager (Male) |
| 24:04 | Build | Archery Range |
| 24:08 | Research | Bow Saw |
| 24:17 | Research | Heavy Plow |
| 25:35 | Create | Steppe Lancer |
| 25:36 | Create | Steppe Lancer |
| 25:39 | Build | Farm |
| 25:40 | Build | Farm |
| 25:46 | Create | Villager (Male) |
| 25:46 | Create | Villager (Male) |
| 25:47 | Create | Villager (Male) |
| 25:47 | Create | Villager (Male) |
| 25:48 | Create | Villager (Male) |
| 25:52 | Create | Steppe Lancer |
| 25:52 | Create | Steppe Lancer |
| 26:02 | Create | Unit 1911 |
| 26:03 | Create | Unit 1911 |
| 26:19 | Build | Farm |
| 26:20 | Create | Villager (Male) |
| 26:21 | Create | Villager (Male) |
| 27:30 | Build | Farm |
| 27:30 | Build | Farm |
| 27:34 | Research | Hand Cart |
| 27:35 | Create | Villager (Male) |
| 27:35 | Create | Villager (Male) |
| 27:36 | Create | Villager (Male) |
| 27:36 | Create | Villager (Male) |
| 27:37 | Create | Villager (Male) |
| 27:37 | Create | Villager (Male) |
| 27:49 | Build | Town Center |
| 28:33 | Build | Mining Camp |
| 28:38 | Create | Villager (Male) |
| 28:39 | Create | Villager (Male) |
| 28:40 | Create | Villager (Male) |
| 28:40 | Create | Villager (Male) |
| 28:49 | Build | Farm |
| 28:52 | Create | Villager (Male) |
| 28:52 | Create | Villager (Male) |
| 28:57 | Create | Villager (Male) |
| 28:57 | Create | Villager (Male) |
| 28:59 | Create | Villager (Male) |
Build order — Shirasoni
First 150 of 230 actions detected
| 0:03 | Create | Villager (Male) |
| 0:05 | Build | House |
| 0:07 | Build | House |
| 0:18 | Create | Villager (Male) |
| 0:33 | Create | Villager (Male) |
| 1:04 | Create | Villager (Male) |
| 1:56 | Create | Villager (Male) |
| 2:45 | Create | Villager (Male) |
| 3:25 | Create | Villager (Male) |
| 3:26 | Create | Villager (Male) |
| 3:39 | Create | Villager (Male) |
| 3:45 | Create | Villager (Male) |
| 3:55 | Create | Villager (Male) |
| 4:02 | Create | Villager (Male) |
| 4:05 | Create | Villager (Male) |
| 4:12 | Create | Villager (Male) |
| 4:35 | Build | Lumber Camp |
| 4:42 | Create | Villager (Male) |
| 4:48 | Build | House |
| 5:12 | Create | Villager (Male) |
| 6:57 | Create | Villager (Male) |
| 7:16 | Create | Villager (Male) |
| 7:38 | Build | Mining Camp |
| 7:40 | Create | Villager (Male) |
| 8:03 | Research | Loom |
| 8:12 | Build | Mill |
| 8:22 | Build | House |
| 9:08 | Create | Villager (Male) |
| 9:11 | Research | Feudal Age |
| 9:12 | Create | Villager (Male) |
| 9:26 | Build | Mill |
| 9:48 | Create | Villager (Male) |
| 10:45 | Build | Barracks |
| 10:53 | Create | Villager (Male) |
| 11:19 | Build | House |
| 11:20 | Build | House |
| 11:21 | Age | Feudal Age |
| 11:27 | Research | Double-Bit Axe |
| 11:34 | Research | Horse Collar |
| 11:40 | Create | Villager (Male) |
| 12:07 | Build | Mining Camp |
| 12:17 | Research | Man-at-Arms (upgrade) |
| 12:22 | Create | Villager (Male) |
| 12:48 | Create | Villager (Male) |
| 13:01 | Build | Farm |
| 13:04 | Build | Farm |
| 13:06 | Build | Farm |
| 13:49 | Build | Gate |
| 13:58 | Build | Stone Wall |
| 14:00 | Build | Stone Wall |
| 14:03 | Create | Villager (Male) |
| 14:10 | Build | Farm |
| 14:11 | Build | Farm |
| 14:14 | Create | Villager (Male) |
| 14:46 | Create | Villager (Male) |
| 15:02 | Build | Farm |
| 15:02 | Build | Farm |
| 15:04 | Build | Farm |
| 15:25 | Create | Villager (Male) |
| 15:26 | Create | Villager (Male) |
| 15:55 | Build | Stone Wall |
| 16:09 | Build | Stone Wall |
| 16:47 | Build | Gate |
| 16:56 | Build | Stone Wall |
| 17:08 | Build | Stone Wall |
| 17:24 | Create | Spearman |
| 17:25 | Create | Spearman |
| 17:28 | Build | House |
| 18:00 | Create | Spearman |
| 18:00 | Create | Spearman |
| 18:19 | Build | Stable |
| 18:30 | Create | Spearman |
| 18:53 | Build | Blacksmith |
| 18:58 | Build | Market |
| 19:13 | Build | House |
| 19:24 | Build | House |
| 19:37 | Create | Villager (Male) |
| 20:34 | Research | Castle Age |
| 22:07 | Build | Stone Wall |
| 22:08 | Build | Stone Wall |
| 22:25 | Create | Villager (Male) |
| 22:25 | Create | Villager (Male) |
| 22:36 | Create | Villager (Male) |
| 23:14 | Age | Castle Age |
| 23:15 | Create | Villager (Male) |
| 23:16 | Create | Villager (Male) |
| 23:22 | Build | Mining Camp |
| 23:29 | Research | Wheelbarrow |
| 23:39 | Create | Steppe Lancer |
| 23:40 | Create | Steppe Lancer |
| 23:49 | Build | Stable |
| 23:59 | Create | Villager (Male) |
| 24:39 | Create | Knight |
| 24:40 | Create | Knight |
| 26:58 | Create | Villager (Male) |
| 26:59 | Create | Villager (Male) |
| 27:56 | Create | Villager (Male) |
| 29:00 | Build | Lumber Camp |
| 29:18 | Create | Villager (Male) |
| 29:20 | Create | Villager (Male) |
| 29:45 | Create | Villager (Male) |
| 30:41 | Build | House |
| 30:45 | Build | House |
| 30:58 | Build | Farm |
| 31:03 | Build | Farm |
| 31:08 | Create | Villager (Male) |
| 31:19 | Research | Bow Saw |
| 31:32 | Create | Villager (Male) |
| 31:41 | Build | Farm |
| 32:01 | Create | Villager (Male) |
| 32:05 | Build | Farm |
| 32:18 | Create | Villager (Male) |
| 32:35 | Build | Farm |
| 32:53 | Build | University |
| 33:07 | Build | Monastery |
| 33:54 | Create | Villager (Male) |
| 34:02 | Build | Farm |
| 34:05 | Build | Farm |
| 34:21 | Build | Gate |
| 34:42 | Build | Lumber Camp |
| 34:50 | Research | Imperial Age |
| 35:51 | Build | Gate |
| 35:55 | Build | Stable |
| 36:07 | Create | Villager (Male) |
| 36:14 | Create | Villager (Male) |
| 36:43 | Build | Gate |
| 36:48 | Build | Stone Wall |
| 37:24 | Create | Villager (Male) |
| 37:24 | Create | Villager (Male) |
| 37:41 | Research | Gold Mining |
| 37:46 | Research | Stone Mining |
| 37:53 | Research | Heavy Plow |
| 38:00 | Age | Imperial Age |
| 38:13 | Build | House |
| 38:15 | Build | House |
| 38:16 | Build | House |
| 38:17 | Build | House |
| 38:32 | Create | Villager (Male) |
| 38:33 | Create | Villager (Male) |
| 39:05 | Create | Villager (Male) |
| 39:45 | Build | Town Center |
| 40:01 | Build | Town Center |
| 40:33 | Create | Villager (Male) |
| 40:34 | Create | Villager (Male) |
| 40:34 | Create | Villager (Male) |
| 40:52 | Create | Villager (Male) |
| 41:21 | Research | Stone Shaft Mining |
| 41:34 | Create | Villager (Male) ×2 |
| 41:49 | Build | Farm |
| 41:53 | Build | Farm |
Build order — elchivojvz
First 150 of 193 actions detected
| 0:04 | Build | House |
| 0:06 | Build | House |
| 0:15 | Create | Villager (Male) |
| 1:10 | Create | Villager (Male) |
| 1:10 | Create | Villager (Male) |
| 2:15 | Create | Villager (Male) |
| 2:33 | Create | Villager (Male) |
| 3:26 | Create | Villager (Male) |
| 4:17 | Create | Villager (Male) |
| 4:17 | Create | Villager (Male) |
| 5:14 | Build | Mill |
| 5:19 | Create | Villager (Male) |
| 5:19 | Create | Villager (Male) |
| 6:32 | Build | Lumber Camp |
| 6:38 | Create | Villager (Male) |
| 6:39 | Create | Villager (Male) |
| 6:49 | Build | House |
| 6:51 | Build | House |
| 7:26 | Create | Villager (Male) |
| 7:55 | Create | Villager (Male) |
| 8:10 | Create | Villager (Male) |
| 8:37 | Create | Villager (Male) |
| 8:52 | Build | Mining Camp |
| 9:04 | Build | Mining Camp |
| 9:08 | Create | Villager (Male) |
| 9:19 | Build | Farm |
| 9:21 | Build | Farm |
| 10:08 | Create | Villager (Male) |
| 10:08 | Create | Villager (Male) |
| 10:26 | Create | Villager (Male) |
| 10:41 | Build | Farm |
| 11:08 | Build | House |
| 11:10 | Build | House |
| 11:34 | Research | Feudal Age |
| 12:22 | Build | Barracks |
| 13:07 | Build | Farm |
| 13:11 | Build | Farm |
| 13:44 | Age | Feudal Age |
| 13:49 | Build | Archery Range |
| 13:53 | Research | Wheelbarrow |
| 13:59 | Research | Double-Bit Axe |
| 14:04 | Research | Horse Collar |
| 14:34 | Create | Militia |
| 14:35 | Create | Militia |
| 15:04 | Build | Stable |
| 15:20 | Create | Villager (Male) |
| 15:21 | Create | Villager (Male) |
| 15:45 | Research | Man-at-Arms (upgrade) |
| 16:00 | Create | Villager (Male) |
| 16:06 | Create | Militia |
| 16:17 | Build | House |
| 16:20 | Build | House |
| 16:31 | Create | Villager (Male) |
| 16:45 | Build | Farm |
| 16:49 | Create | Villager (Male) |
| 17:05 | Create | Militia |
| 17:09 | Create | Militia |
| 17:26 | Build | Blacksmith |
| 17:34 | Build | Farm |
| 17:36 | Build | Farm |
| 17:40 | Build | Farm |
| 17:41 | Build | Farm |
| 17:47 | Create | Villager (Male) |
| 17:59 | Build | Lumber Camp |
| 18:12 | Create | Villager (Male) |
| 18:18 | Build | Farm |
| 18:25 | Create | Militia |
| 18:27 | Create | Militia |
| 19:07 | Build | Mill |
| 19:39 | Research | Forging |
| 19:42 | Research | Scale Mail Armor |
| 20:07 | Create | Villager (Male) |
| 20:07 | Create | Villager (Male) |
| 20:38 | Research | Gold Mining |
| 20:39 | Research | Stone Mining |
| 23:22 | Create | Villager (Male) |
| 23:23 | Create | Villager (Male) |
| 23:23 | Create | Villager (Male) |
| 23:42 | Build | Market |
| 23:48 | Create | Villager (Male) |
| 23:48 | Create | Villager (Male) |
| 24:03 | Build | Archery Range |
| 24:07 | Research | Scale Barding Armor |
| 27:02 | Build | Archery Range |
| 27:31 | Research | Castle Age |
| 27:35 | Create | Villager (Male) |
| 28:27 | Build | Archery Range |
| 28:35 | Create | Archer |
| 28:35 | Create | Archer |
| 28:35 | Create | Archer |
| 28:36 | Create | Archer |
| 28:44 | Create | Archer |
| 28:44 | Create | Archer |
| 28:45 | Create | Archer |
| 28:49 | Research | Fletching |
| 28:50 | Research | Padded Archer Armor |
| 29:52 | Build | House |
| 29:53 | Build | House |
| 29:56 | Build | House |
| 30:03 | Build | House |
| 30:11 | Age | Castle Age |
| 30:30 | Research | Hand Cart |
| 30:35 | Research | Bow Saw |
| 30:39 | Research | Heavy Plow |
| 31:02 | Build | University |
| 31:08 | Create | Villager (Male) |
| 31:09 | Create | Villager (Male) |
| 32:11 | Build | Town Center |
| 32:21 | Build | House |
| 32:25 | Build | House |
| 32:27 | Build | House |
| 32:48 | Build | Castle |
| 33:29 | Create | Villager (Male) |
| 33:29 | Create | Villager (Male) |
| 33:30 | Create | Villager (Male) |
| 33:40 | Research | Ballistics |
| 34:00 | Build | House |
| 34:02 | Build | House |
| 34:05 | Build | House |
| 34:23 | Build | Mining Camp |
| 34:45 | Create | Villager (Male) |
| 34:45 | Create | Villager (Male) |
| 34:46 | Create | Villager (Male) |
| 35:37 | Build | Farm |
| 35:41 | Build | Farm |
| 36:01 | Build | House |
| 36:03 | Build | House |
| 38:03 | Create | Villager (Male) |
| 38:04 | Create | Villager (Male) |
| 38:04 | Create | Villager (Male) |
| 38:06 | Research | Imperial Age |
| 38:19 | Build | House |
| 38:22 | Build | House |
| 38:44 | Create | Villager (Male) |
| 38:44 | Create | Villager (Male) |
| 38:44 | Create | Villager (Male) |
| 38:44 | Create | Villager (Male) |
| 38:54 | Build | Lumber Camp |
| 39:26 | Build | House |
| 39:30 | Build | House |
| 40:21 | Create | Organ Gun |
| 40:22 | Create | Organ Gun |
| 41:17 | Research | Thumb Ring |
| 41:38 | Create | Organ Gun |
| 41:48 | Build | House |
| 41:49 | Build | House |
| 42:08 | Create | Villager (Male) |
| 42:09 | Create | Villager (Male) |
| 42:28 | Create | Organ Gun |
| 42:28 | Create | Organ Gun |
Build order — Kayzer
First 150 of 388 actions detected
| 0:05 | Build | House |
| 0:07 | Build | House |
| 0:18 | Create | Villager (Male) |
| 0:18 | Create | Villager (Male) |
| 0:18 | Create | Villager (Male) |
| 0:18 | Create | Villager (Male) |
| 0:18 | Create | Villager (Male) |
| 2:21 | Create | Villager (Male) |
| 2:22 | Create | Villager (Male) |
| 2:22 | Create | Villager (Male) |
| 2:51 | Create | Villager (Male) |
| 3:24 | Create | Villager (Male) |
| 3:24 | Research | Loom |
| 4:14 | Create | Villager (Male) |
| 4:14 | Create | Villager (Male) |
| 4:14 | Create | Villager (Male) |
| 5:04 | Create | Villager (Male) |
| 5:04 | Create | Villager (Male) |
| 5:24 | Build | Lumber Camp |
| 5:41 | Build | House |
| 6:14 | Create | Villager (Male) |
| 6:23 | Create | Villager (Male) |
| 7:34 | Create | Villager (Male) |
| 7:34 | Create | Villager (Male) |
| 7:35 | Create | Villager (Male) |
| 7:35 | Create | Villager (Male) |
| 8:12 | Build | House |
| 9:03 | Build | Mill |
| 9:32 | Create | Villager (Male) |
| 9:33 | Create | Villager (Male) |
| 10:37 | Research | Feudal Age |
| 10:51 | Build | Palisade Wall |
| 11:18 | Build | Farm |
| 11:25 | Build | Farm |
| 11:37 | Build | Farm |
| 12:09 | Build | Farm |
| 12:10 | Build | Farm |
| 12:12 | Build | Farm |
| 12:15 | Build | Farm |
| 12:16 | Build | Farm |
| 12:32 | Build | Barracks |
| 12:39 | Create | Villager (Male) |
| 12:40 | Create | Villager (Male) |
| 12:40 | Create | Villager (Male) |
| 12:41 | Create | Villager (Male) |
| 12:47 | Age | Feudal Age |
| 12:49 | Create | Villager (Male) |
| 12:56 | Research | Double-Bit Axe |
| 13:20 | Build | Lumber Camp |
| 13:30 | Build | Archery Range |
| 13:47 | Build | House |
| 14:13 | Build | House |
| 14:18 | Create | Spearman |
| 14:26 | Create | Spearman |
| 14:27 | Create | Spearman |
| 14:28 | Create | Spearman |
| 14:28 | Create | Spearman |
| 14:30 | Create | Spearman |
| 14:47 | Build | House |
| 15:26 | Build | House |
| 15:30 | Create | Villager (Male) |
| 15:30 | Create | Villager (Male) |
| 15:30 | Create | Villager (Male) |
| 15:31 | Create | Villager (Male) |
| 15:31 | Create | Villager (Male) |
| 15:40 | Build | Mining Camp |
| 15:59 | Create | Skirmisher |
| 15:59 | Create | Skirmisher |
| 15:59 | Create | Skirmisher |
| 16:00 | Create | Skirmisher |
| 16:00 | Create | Skirmisher |
| 16:00 | Create | Skirmisher |
| 16:15 | Build | House |
| 16:17 | Build | House |
| 16:18 | Build | House |
| 17:28 | Create | Villager (Male) |
| 17:29 | Create | Villager (Male) |
| 17:45 | Research | Horse Collar |
| 18:05 | Build | House |
| 18:06 | Build | House |
| 18:07 | Build | House |
| 18:09 | Build | House |
| 18:45 | Build | Farm |
| 18:47 | Build | Farm |
| 18:50 | Build | Farm |
| 19:06 | Build | Farm |
| 19:07 | Build | Farm |
| 19:14 | Create | Villager (Male) |
| 19:15 | Create | Villager (Male) |
| 19:28 | Build | Blacksmith |
| 19:34 | Create | Villager (Male) |
| 19:34 | Create | Villager (Male) |
| 19:49 | Build | Market |
| 19:58 | Create | Skirmisher |
| 19:58 | Create | Skirmisher |
| 19:59 | Create | Skirmisher |
| 19:59 | Create | Skirmisher |
| 20:00 | Create | Skirmisher |
| 20:01 | Create | Skirmisher |
| 20:32 | Research | Fletching |
| 20:33 | Research | Padded Archer Armor |
| 20:52 | Build | Farm |
| 20:54 | Build | Farm |
| 20:56 | Build | Farm |
| 21:08 | Create | Villager (Male) |
| 21:08 | Create | Villager (Male) |
| 21:08 | Create | Villager (Male) |
| 21:18 | Research | Scale Mail Armor |
| 21:19 | Research | Forging |
| 21:32 | Build | Farm |
| 21:37 | Build | Farm |
| 22:19 | Build | Farm |
| 22:25 | Create | Trade Cart |
| 22:25 | Create | Trade Cart |
| 22:25 | Create | Trade Cart |
| 22:25 | Create | Trade Cart |
| 22:26 | Create | Trade Cart |
| 23:49 | Research | Castle Age |
| 24:02 | Build | Farm |
| 24:04 | Build | Farm |
| 24:16 | Build | Lumber Camp |
| 24:27 | Build | Farm |
| 24:33 | Build | Farm |
| 24:38 | Build | Farm |
| 24:44 | Build | Farm |
| 24:56 | Build | Mining Camp |
| 25:11 | Create | Skirmisher |
| 25:11 | Create | Skirmisher |
| 25:11 | Create | Skirmisher |
| 25:12 | Create | Skirmisher |
| 25:12 | Create | Skirmisher |
| 25:12 | Create | Skirmisher |
| 25:12 | Create | Skirmisher |
| 25:25 | Build | House |
| 25:32 | Build | House |
| 25:33 | Build | House |
| 25:35 | Build | House |
| 25:36 | Build | House |
| 25:58 | Create | Villager (Male) |
| 25:59 | Create | Villager (Male) |
| 25:59 | Create | Villager (Male) |
| 25:59 | Create | Villager (Male) |
| 25:59 | Create | Villager (Male) |
| 26:17 | Research | Gold Mining |
| 26:18 | Research | Stone Mining |
| 26:27 | Research | Stone Mining |
| 26:29 | Age | Castle Age |
| 26:48 | Build | Town Center |
| 26:53 | Research | Bow Saw |
| 27:30 | Create | Villager (Male) |
Build order — Wobbuffet3383
First 150 of 397 actions detected
| 0:05 | Build | House |
| 0:07 | Build | House |
| 0:11 | Create | Villager (Male) |
| 0:12 | Create | Villager (Male) |
| 0:12 | Create | Villager (Male) |
| 0:12 | Create | Villager (Male) |
| 0:12 | Create | Villager (Male) |
| 0:13 | Research | Loom |
| 1:18 | Create | Villager (Male) |
| 1:18 | Create | Villager (Male) |
| 1:23 | Research | Loom |
| 1:49 | Create | Villager (Male) |
| 1:52 | Research | Loom |
| 2:26 | Create | Villager (Male) |
| 2:27 | Create | Villager (Male) |
| 2:27 | Create | Villager (Male) |
| 2:36 | Build | House |
| 2:37 | Build | House |
| 2:59 | Build | Mill |
| 3:16 | Create | Villager (Male) |
| 3:17 | Create | Villager (Male) |
| 3:17 | Create | Villager (Male) |
| 4:16 | Create | Villager (Male) |
| 4:17 | Create | Villager (Male) |
| 4:17 | Create | Villager (Male) |
| 6:00 | Create | Villager (Male) |
| 6:01 | Create | Villager (Male) |
| 6:01 | Create | Villager (Male) |
| 6:02 | Create | Villager (Male) |
| 6:02 | Create | Villager (Male) |
| 6:02 | Create | Villager (Male) |
| 7:25 | Build | House |
| 7:28 | Build | House |
| 7:29 | Build | House |
| 7:31 | Build | House |
| 7:32 | Build | House |
| 7:37 | Build | House |
| 8:19 | Create | Villager (Male) |
| 8:23 | Create | Villager (Male) |
| 9:07 | Create | Villager (Male) |
| 9:18 | Build | Mining Camp |
| 10:04 | Build | Lumber Camp |
| 10:10 | Research | Feudal Age |
| 10:10 | Create | Villager (Male) |
| 10:11 | Create | Villager (Male) |
| 10:11 | Create | Villager (Male) |
| 10:11 | Create | Villager (Male) |
| 10:11 | Create | Villager (Male) |
| 10:11 | Create | Villager (Male) |
| 10:12 | Create | Villager (Male) |
| 10:12 | Create | Villager (Male) |
| 10:12 | Create | Villager (Male) |
| 10:13 | Create | Villager (Male) |
| 10:13 | Create | Villager (Male) |
| 10:13 | Create | Villager (Male) |
| 10:13 | Create | Villager (Male) |
| 11:12 | Build | Mining Camp |
| 11:46 | Build | Lumber Camp |
| 12:14 | Create | Villager (Male) |
| 12:14 | Create | Villager (Male) |
| 12:14 | Create | Villager (Male) |
| 13:11 | Build | Farm |
| 13:13 | Build | Farm |
| 13:16 | Build | Farm |
| 13:18 | Build | Farm |
| 13:24 | Build | Farm |
| 13:28 | Build | Farm |
| 14:00 | Build | Farm |
| 14:06 | Build | Farm |
| 14:46 | Create | Villager (Male) |
| 14:47 | Create | Villager (Male) |
| 14:47 | Create | Villager (Male) |
| 14:47 | Create | Villager (Male) |
| 14:47 | Create | Villager (Male) |
| 14:48 | Create | Villager (Male) |
| 15:36 | Build | Stone Wall |
| 16:00 | Build | Blacksmith |
| 17:56 | Build | Market |
| 18:06 | Build | Lumber Camp |
| 18:07 | Build | Lumber Camp |
| 18:29 | Build | Dock |
| 19:08 | Build | Stone Wall |
| 19:18 | Create | Villager (Male) |
| 19:18 | Create | Villager (Male) |
| 19:18 | Create | Villager (Male) |
| 19:23 | Research | Castle Age |
| 19:23 | Create | Villager (Male) |
| 19:24 | Create | Villager (Male) |
| 19:24 | Create | Villager (Male) |
| 19:24 | Create | Villager (Male) |
| 19:24 | Create | Villager (Male) |
| 19:24 | Create | Villager (Male) |
| 19:33 | Research | Horse Collar |
| 19:41 | Research | Double-Bit Axe |
| 20:03 | Research | Tech 906 |
| 20:04 | Create | Fishing Ship |
| 20:05 | Create | Fishing Ship |
| 20:05 | Create | Fishing Ship |
| 20:06 | Create | Fishing Ship |
| 20:06 | Create | Fishing Ship |
| 20:07 | Create | Fishing Ship |
| 21:22 | Create | Villager (Male) |
| 21:23 | Create | Villager (Male) |
| 21:23 | Create | Villager (Male) |
| 21:23 | Create | Villager (Male) |
| 21:23 | Create | Villager (Male) |
| 21:23 | Create | Villager (Male) |
| 21:24 | Create | Villager (Male) |
| 21:38 | Build | Farm |
| 21:39 | Build | Farm |
| 21:41 | Build | Farm |
| 21:43 | Build | Farm |
| 21:45 | Build | Farm |
| 21:46 | Build | Farm |
| 21:49 | Build | Farm |
| 21:50 | Build | Farm |
| 22:43 | Build | Stone Wall |
| 22:48 | Build | Farm |
| 22:50 | Build | Farm |
| 22:56 | Create | Villager (Male) |
| 22:56 | Create | Villager (Male) |
| 22:56 | Create | Villager (Male) |
| 23:01 | Build | Lumber Camp |
| 23:08 | Build | Monastery |
| 23:13 | Build | University |
| 23:25 | Build | Lumber Camp |
| 24:04 | Build | Stone Wall |
| 24:12 | Create | Villager (Male) |
| 24:13 | Create | Villager (Male) |
| 24:13 | Create | Villager (Male) |
| 24:13 | Create | Villager (Male) |
| 24:13 | Create | Villager (Male) |
| 24:13 | Create | Villager (Male) |
| 24:14 | Create | Villager (Male) |
| 24:51 | Build | Fish Trap |
| 24:56 | Build | Fish Trap |
| 25:01 | Build | Fish Trap |
| 25:21 | Build | Fish Trap |
| 25:28 | Build | Fish Trap |
| 25:37 | Build | Fish Trap |
| 25:57 | Build | House |
| 25:59 | Build | House |
| 26:01 | Build | House |
| 26:03 | Build | House |
| 26:05 | Build | House |
| 26:07 | Build | House |
| 26:20 | Build | Castle |
| 26:47 | Create | Villager (Male) |
| 26:47 | Create | Villager (Male) |
| 26:54 | Research | Imperial Age |
Build order — jeho57
46 actions detected in the replay
| 0:05 | Build | House |
| 0:06 | Build | House |
| 0:11 | Create | Villager (Male) |
| 0:40 | Create | Villager (Male) |
| 1:22 | Create | Villager (Male) |
| 2:14 | Create | Villager (Male) |
| 2:24 | Create | Villager (Male) |
| 2:47 | Build | Settlement |
| 2:52 | Create | Villager (Male) |
| 3:38 | Create | Villager (Male) |
| 3:47 | Create | Villager (Male) |
| 4:08 | Create | Villager (Male) |
| 4:26 | Research | Loom |
| 4:47 | Create | Villager (Male) |
| 4:54 | Build | House |
| 5:43 | Create | Villager (Male) |
| 6:15 | Build | Settlement |
| 6:19 | Create | Villager (Male) |
| 7:26 | Create | Villager (Male) |
| 7:38 | Create | Villager (Male) |
| 7:40 | Create | Villager (Male) |
| 7:43 | Create | Villager (Male) |
| 9:08 | Research | Feudal Age |
| 9:34 | Build | Barracks |
| 11:18 | Age | Feudal Age |
| 11:22 | Create | Unit 2550 |
| 11:22 | Create | Unit 2550 |
| 11:22 | Create | Unit 2550 |
| 16:08 | Create | Villager (Male) |
| 16:08 | Create | Villager (Male) |
| 16:21 | Build | Farm |
| 16:21 | Build | Farm |
| 16:22 | Build | Farm |
| 16:37 | Create | Unit 2550 |
| 16:37 | Create | Unit 2550 |
| 16:39 | Research | Tech 1402 |
| 16:44 | Build | Archery Range |
| 16:53 | Build | Farm |
| 17:02 | Build | Blacksmith |
| 17:04 | Create | Villager (Male) |
| 17:13 | Create | Villager (Male) |
| 17:25 | Build | Farm |
| 17:30 | Build | House |
| 17:32 | Build | House |
| 17:33 | Build | House |
| 17:34 | Build | House |
Match timeline
| 6:46 | Josky · wall_segment Palisade Wall x4 |
| 8:18 | sr aless82 · first_building Barracks |
| 8:58 | Josky · wall_segment Palisade Wall x3 |
| 9:19 | Josky · wall_segment Palisade Wall x12 |
| 9:34 | jeho57 · first_building Barracks |
| 10:12 | sr aless82 · first_building Stable |
| 10:45 | Shirasoni · first_building Barracks |
| 10:51 | Kayzer · wall_segment Palisade Wall x12 |
| 10:55 | Josky · wall_segment Palisade Wall x2 |
| 11:07 | Josky · wall_segment Palisade Wall x4 |
| 11:18 | jeho57 · age_up feudal |
| 11:21 | Shirasoni · age_up feudal |
| 11:27 | Josky · wall_segment Palisade Wall x9 |
| 11:57 | Josky · first_building Barracks |
| 12:22 | elchivojvz · first_building Barracks |
| 12:32 | Kayzer · first_building Barracks |
| 12:40 | Josky · age_up feudal |
| 12:47 | Kayzer · age_up feudal |
| 12:56 | Josky · wall_segment Palisade Wall x2 |
| 13:05 | Josky · wall_segment Palisade Wall x11 |
| 13:30 | Kayzer · first_building Archery Range |
| 13:44 | elchivojvz · age_up feudal |
| 13:49 | elchivojvz · first_building Archery Range |
| 13:58 | Shirasoni · wall_segment Stone Wall x1 |
| 14:00 | Shirasoni · wall_segment Stone Wall x1 |
| 14:17 | Josky · wall_segment Palisade Wall x11 |
| 15:04 | elchivojvz · first_building Stable |
| 15:08 | Josky · first_building Stable |
| 15:28 | MoldyShelf59466 · wall_segment Stone Wall x13 |
| 15:36 | Wobbuffet3383 · wall_segment Stone Wall x11 |
| 15:43 | sr aless82 · first_building Archery Range |
| 15:55 | Shirasoni · wall_segment Stone Wall x4 |
| 16:09 | Shirasoni · wall_segment Stone Wall x3 |
| 16:44 | jeho57 · first_building Archery Range |
| 16:56 | Shirasoni · wall_segment Stone Wall x4 |
| 17:08 | Shirasoni · wall_segment Stone Wall x9 |
| 18:19 | Shirasoni · first_building Stable |
| 18:29 | Wobbuffet3383 · first_building Dock |
| 19:08 | Wobbuffet3383 · wall_segment Stone Wall x15 |
| 21:07 | MoldyShelf59466 · first_building Archery Range |
| 21:35 | Josky · age_up castle |
| 21:46 | Josky · first_market_buy 100 stone |
| 21:55 | Josky · first_building Castle |
| 22:07 | Shirasoni · wall_segment Stone Wall x1 |
| 22:08 | Shirasoni · wall_segment Stone Wall x1 |
| 22:43 | Wobbuffet3383 · wall_segment Stone Wall x19 |
| 23:08 | Wobbuffet3383 · first_building Monastery |
| 23:14 | Shirasoni · age_up castle |
| 24:04 | Wobbuffet3383 · wall_segment Stone Wall x14 |
| 25:27 | MoldyShelf59466 · first_building Barracks |
| 26:10 | Josky · wall_segment Stone Wall x19 |
| 26:20 | Wobbuffet3383 · first_building Castle |
| 26:29 | Kayzer · age_up castle |
| 27:03 | Josky · wall_segment Stone Wall x6 |
| 27:26 | MoldyShelf59466 · first_building Stable |
| 28:36 | Wobbuffet3383 · first_building Siege Workshop |
| 28:40 | Shirasoni · first_market_buy 100 wood |
| 30:11 | elchivojvz · age_up castle |
| 31:15 | sr aless82 · first_building Monastery |
| 31:24 | MoldyShelf59466 · first_market_sell 100 food |
| 31:42 | MoldyShelf59466 · first_building Castle |
| 32:08 | Kayzer · first_market_buy 100 food |
| 32:42 | MoldyShelf59466 · first_market_buy 100 wood |
| 32:48 | elchivojvz · first_building Castle |
| 32:57 | sr aless82 · first_market_sell 100 food |
| 33:05 | Wobbuffet3383 · wall_segment Stone Wall x8 |
| 33:07 | Shirasoni · first_building Monastery |
| 34:02 | Josky · age_up imperial |
| 34:32 | Wobbuffet3383 · first_building Barracks |
| 35:20 | Wobbuffet3383 · wall_segment Stone Wall x10 |
| 35:38 | Wobbuffet3383 · first_building Stable |
| 36:47 | sr aless82 · first_building Castle |
| 36:48 | Shirasoni · wall_segment Stone Wall x1 |
| 37:00 | Josky · first_building Monastery |
| 37:16 | Kayzer · first_building Castle |
| 37:42 | Wobbuffet3383 · wall_segment Stone Wall x36 |
| 38:00 | Shirasoni · age_up imperial |
| 42:00 | Josky · first_market_sell 500 food |
| 42:00 | Kayzer · age_up imperial |
| 42:26 | Shirasoni · wall_segment Stone Wall x6 |
| 42:28 | elchivojvz · age_up imperial |
| 42:37 | Shirasoni · wall_segment Stone Wall x1 |
| 46:40 | Shirasoni · first_building Castle |
| 49:04 | sr aless82 · first_building Siege Workshop |
| 49:13 | Shirasoni · first_building Archery Range |
| 52:22 | Kayzer · resign |
[ AI ANALYSIS · 1 CREDIT ]
What really happened in this match?
Wolo.gg analyzes every decision: build order, eco, micro, common mistakes by bracket. Personalized analysis on WhatsApp or Discord in 30 seconds.
Civ guide
Burgundians
Perfil
Jugador #17796936